 Dungeon Crawl Stone Soup version 0.31-a0-198-g2ad674f65e (webtiles) character file.

Game seed: 5056844251282739963

648 qw the Skirmisher (level 7, -1/40 HPs)
             Began as a Deep Elf Hunter on June 25, 2023.
             Slain by a sleepcap (18 damage)
             ... on level 5 of the Dungeon.
             The game lasted 00:01:45 (3424 turns).

qw the Skirmisher (Deep Elf Hunter)                 Turns: 3424, Time: 00:01:45

Health: -1/40      AC:  6    Str: 10    XL:     7   Next: 27%
Magic:  9/9        EV:  2    Int: 14    God:
Gold:   100        SH:  0    Dex: 18    Spells: 6/6 levels left

rFire   . . .        Y - +1 shortbow
rCold   . . .        (shield currently unavailable)
rNeg    . . .        f - +0 ring mail
rPois   .            (no helmet)
rElec   .            (no cloak)
rCorr   .            c - +0 pair of gloves
SInv    .            (no boots)
Will    .....        (no amulet)
Stlth   +            d - +5 ring of evasion
HPRegen 0.26/turn    (no ring)
MPRegen 0.11/turn

%: no passive effects
@: sleeping
A: no striking features
a: no special abilities


You were on level 5 of the Dungeon.
You visited 2 branches of the dungeon, and saw 6 of its levels.

You collected 100 gold pieces.


   Skills:
 - Level 2.5 Fighting
 + Level 10.3 Ranged Weapons
 - Level 1.4 Armour
 - Level 3.8 Dodging
 - Level 1.2 Stealth


You had 6 spell levels left.
You didn't know any spells.
Your spell library was empty.

Inventory:

Hand Weapons
 Y - a +1 shortbow (weapon)
Armour
 c - a +0 pair of gloves (worn)
 f - a +0 ring mail (worn)
Jewellery
 d - a +5 ring of evasion (left hand)
Scrolls
 b - 4 scrolls of teleportation
 l - a scroll of identify
Potions
 a - 2 potions of haste
 e - a potion of mutation {unknown}
 g - a potion of curing
 h - a potion of berserk rage {unknown}
 i - a potion of degeneration {unknown}
 j - a potion of heal wounds {unknown}
 k - a potion of cancellation {unknown}

Dungeon Overview and Level Annotations

Branches:
Dungeon (5/15)             Temple (1/1) D:5

Altars:
Ashenzari
Cheibriados
Dithmenos
Elyvilon
Fedhas
Kikubaaqudgha
Makhleb
Nemelex Xobeh
Qazlal
Ru
Sif Muna
Trog
Uskayaw
Vehumet
Wu Jian
Xom
Yredelemnul
Zin
The Shining One

Shops:
D:2 [


Message History

A sleepcap comes into view.
Enter note:
Enter note:
Enter note: You shoot an arrow.
The arrow completely misses the sleepcap.
You shoot an arrow. The arrow hits the sleepcap.
The sleepcap is lightly damaged.
You shoot an arrow. The arrow hits the sleepcap!
The sleepcap is moderately damaged.
The sleepcap closely misses you.
You shoot an arrow.
The arrow hits the sleepcap but does no damage.
The sleepcap is moderately damaged.
The sleepcap releases spores at you!
You are engulfed in a cloud of soporific spores!
You fall asleep.
The sleepcap releases spores at you!
You wake up.
You are engulfed in a cloud of soporific spores!
You are unaffected.
You shoot an arrow. The arrow hits the sleepcap.
The sleepcap is heavily damaged.
The sleepcap closely misses you.
You shoot an arrow.
The arrow hits the sleepcap but does no damage.
The sleepcap is heavily damaged.
The sleepcap misses you.
You shoot an arrow. The arrow hits the sleepcap!
The sleepcap is severely damaged.
The sleepcap closely misses you.
You shoot an arrow. The arrow hits the sleepcap.
The sleepcap is severely damaged.
The sleepcap releases spores at you but does no damage.
You shoot an arrow. The arrow hits the sleepcap.
The sleepcap is almost destroyed.
The sleepcap releases spores at you.
You are engulfed in a cloud of soporific spores!
You fall asleep.
The sleepcap releases spores at you!!
You die...

#....# ......
########### ...#.#
.....~~~~~ ...#
..~~~~~~~~ ...#
..~~~~~~# ...# ..~~~~~#
...# #######.~~~~##
..... ......f~~~~~~#
#.### #@~~~~.# ...#
#.~~.~~# #.. ##.~.~~~##
#.. ##..~~~~..# ...
##..~~~~~..# #.#
#....~~~~..# #.#
#....~.~~..#
########.####...~~.~~..#
.................~~~~..#


You could see a sleepcap.

Vanquished Creatures
  An ogre (D:4)
  2 phantoms (D:4)
  A bullfrog (D:4)
  A scorpion (D:5)
  Ijyb (D:2)
  An iguana (D:5)
  5 gnolls
  8 adders
  A shadow imp (D:5)
  3 worms
  2 dart slugs
  7 orcs
  7 ball pythons
  7 endoplasms
  4 giant cockroaches (D:1)
  14 goblins
  8 hobgoblins
  4 jackals
  8 kobolds
  2 quokkas
  10 bats
  7 frilled lizards
  6 rats
110 creatures vanquished.

Notes
Turn   | Place    | Note
-------+----------+-------------------------------------------
     0 | D:1      | qw the Deep Elf Hunter began the quest for the Orb.
     0 | D:1      | Reached XP level 1. HP: 12/12 MP: 3/3
     0 | D:1      | 0 ||| qw: Version: 0.3-a-22-g0ed2b0b
     0 | D:1      | 0 ||| qw: Game counter: 5066
     0 | D:1      | 0 ||| qw: Melee chars always use a shield: true
     0 | D:1      | 0 ||| qw: God list: Okawaru
     0 | D:1      | 0 ||| qw: Allow faded altars: false
     0 | D:1      | 0 ||| qw: Do Orc after clearing Dungeon:15 true
     0 | D:1      | 0 ||| qw: Do second Lair branch before Depths: true
     0 | D:1      | 0 ||| qw: Lair rune preference: random
     0 | D:1      | 0 ||| qw: Goals: Normal
     0 | D:1      | 0 ||| PLANNING D:1-11
    81 | D:1      | Reached XP level 2. HP: 16/16 MP: 4/4
    97 | D:1      | Reached skill level 6 in Ranged Weapons
   105 | D:1      | Found a faded altar of an unknown god.
   265 | D:1      | Reached XP level 3. HP: 20/20 MP: 5/5
   696 | D:1      | Reached skill level 7 in Ranged Weapons
   706 | D:1      | 706 ||| READING scroll labelled XOORIS NATWI.
   709 | D:1      | 709 ||| READING 2 scrolls labelled CAOTEN MAT PATHREU.
   710 | D:1      | 710 ||| DROPPING scroll of butterflies.
   711 | D:1      | 711 ||| DROPPING scroll of vulnerability.
   836 | D:2      | Found a shimmering altar of Xom.
   904 | D:2      | Found Sanuphu's Antique Armour Emporium.
   915 | D:2      | Reached XP level 4. HP: 20/25 MP: 6/6
   938 | D:2      | 938 ||| SHOPLISTING pair of boots (103 gold, have 44).
   938 | D:2      | 938 ||| SHOPLISTING runed scale mail (161 gold, have 44).
  1079 | D:2      | 1079 ||| FLEEEEING.
  1080 | D:2      | 1080 ||| FLEEEEING.
  1081 | D:2      | 1081 ||| FLEEEEING.
  1082 | D:2      | 1082 ||| FLEEEEING.
  1083 | D:2      | 1083 ||| FLEEEEING.
  1090 | D:2      | Reached skill level 8 in Ranged Weapons
  1332 | D:2      | 1332 ||| UPGRADING to +0 ring mail.
  1342 | D:2      | 1342 ||| DROPPING +0 leather armour.
  1343 | D:2      | 1343 ||| READING scroll labelled GETUT ESENIEH.
  1344 | D:2      | 1344 ||| READING scroll labelled EMUIWE PAUKI.
  1345 | D:2      | 1345 ||| READING scroll labelled SECVIL MAOVVO.
  1523 | D:3      | Noticed Ijyb
  1532 | D:3      | 1532 ||| FLEEEEING.
  1533 | D:3      | 1533 ||| FLEEEEING.
  1534 | D:3      | 1534 ||| FLEEEEING.
  1535 | D:3      | 1535 ||| FLEEEEING.
  1536 | D:3      | 1536 ||| FLEEEEING.
  1537 | D:3      | 1537 ||| FLEEEEING.
  1538 | D:3      | 1538 ||| FLEEEEING.
  1539 | D:3      | 1539 ||| FLEEEEING.
  1540 | D:3      | 1540 ||| FLEEEEING.
  1541 | D:3      | 1541 ||| FLEEEEING.
  1542 | D:3      | 1542 ||| FLEEEEING.
  1543 | D:3      | 1543 ||| FLEEEEING.
  1550 | D:3      | 1550 ||| STAIRDANCE
  1572 | D:2      | 1572 ||| READING 3 scrolls labelled JEQUS OBBUSI.
  1573 | D:2      | 1573 ||| DROPPING 2 scrolls of noise.
  1585 | D:3      | 1585 ||| STAIRDANCE
  1593 | D:2      | Killed Ijyb
  1594 | D:2      | Reached XP level 5. HP: 21/29 MP: 7/7
  1965 | D:3      | 1965 ||| FLEEEEING.
  1967 | D:3      | 1967 ||| FLEEEEING.
  2196 | D:3      | 2196 ||| UPGRADING to +0 pair of gloves.
  2201 | D:3      | 2201 ||| UPGRADING to +5 ring of evasion.
  2254 | D:4      | Reached skill level 9 in Ranged Weapons
  2384 | D:4      | Noticed a phantom
  2397 | D:4      | Killed a phantom
  2398 | D:4      | Reached XP level 6. HP: 34/36 MP: 8/8
  2461 | D:4      | Reached skill level 10 in Ranged Weapons
  2734 | D:4      | Reached skill level 3 in Dodging
  2734 | D:4      | Reached XP level 7. HP: 29/40 MP: 9/9
  2744 | D:4      | 2744 ||| FLEEEEING.
  2999 | D:4      | 2999 ||| READING scroll labelled ARIFAE WEMEON.
  3000 | D:4      | 3000 ||| DRINKING 2 dark potions.
  3001 | D:4      | 3001 ||| READING 2 scrolls of identify.
  3001 | D:4      | 3001 ||| IDENTIFYING viscous inky potion
  3018 | D:5      | Entered Level 5 of the Dungeon
  3097 | D:5      | Reached skill level 1 in Armour
  3119 | D:5      | Found a staircase to the Ecumenical Temple.
  3120 | D:5      | 3120 ||| PLANNING TEMPLE
  3134 | Temple   | Entered the Ecumenical Temple
  3311 | Temple   | 3311 ||| PLANNING D:1-11
  3424 | D:5      | Slain by a sleepcap

Levels and vault maps discovered:
D:1:      zelgadis_glass_arrival_small, layout_basic,
          hellmonk_ecumenical_altar_defaced_shrine
D:2:      layout_basic, basic_altar, serial_shops, shop
D:3:      layout_basic, kennysheep_generic_room_11, uniq_ijyb
D:4:      layout_basic
D:5:      layout_basic, mainiacjoe_overflow_alcove_4,
          mainiacjoe_overflow_surrounded_room, minmay_temple_entry_crystal_x,
          chequers_serial_rivers_large_a, roderic_batcave,
          kennysheep_generic_room_4
Temple:   nicolae_temple_bog_church

Skill      XL: |  1  2  3  4  5  6  7 |
---------------+----------------------+-----
Ranged Weapons | 6 7 8 9 10 | 10.3
Fighting       | 2 |  2.5
Dodging        | 3 |  3.8
Armour         | 1 |  1.4
Stealth        | |  1.2

Action                     |  1- 3 |  4- 6 |  7- 9 || total
---------------------------+-------+-------+-------++-------
   Fire: Shortbow          |   113 |   231 |    39 ||   383
    Use: Scroll            |     2 |     4 |     2 ||     8
         Potion            |       |       |     1 ||     1
 Armour: Leather armour    |    14 |     3 |       ||    17
         Ring mail         |       |    13 |     4 ||    17
  Dodge: Dodged            |    25 |    67 |    13 ||   105

Table legend:
 A = Non-vault XP
 B = Vault XP
 C = Vault XP percentage of total XP
 D = Non-vault monster count
 E = Vault monster count
 F = Vault count percentage of total count
                 A         B        C        D         E       F
            +---------+---------+-------+---------+---------+-------
      Total |     880 |      46 |   5.0 |     104 |       6 |   5.5
            +---------+---------+-------+---------+---------+-------
        D:1 |      60 |       4 |   6.2 |      28 |       3 |   9.7
        D:2 |     105 |      39 |  27.1 |      24 |       1 |   4.0
        D:3 |      56 |       3 |   5.1 |      25 |       2 |   7.4
        D:4 |     531 |       0 |   0.0 |      24 |       0 |   0.0
        D:5 |     128 |       0 |   0.0 |       3 |       0 |   0.0
            +---------+---------+-------+---------+---------+-------
